Map: At Eternity's Edge LE

Players

Altik - Winner!

  • Race: Protoss Protoss
  • League: Diamond

Apollo

  • Race: Zerg Zerg
  • League: Diamond

VOD

Have the link to the VOD?

Description

Time

  • Played on: Aug. 25, 2026, 3:32 a.m.
  • Length: 12:06
Show
View Real Time Build Order
Export as new Build Order

Altik Protoss - Winner!

Build Orders:  

Get SALT Encoding   

  8  0:00  Probe  
  9  0:12  Probe (Chrono Boost)  
  11  0:21  Probe (Chrono Boost)  
  11  0:27  Probe (Chrono Boost)  
  12  0:36  Pylon  
  12  0:39  Probe  
  13  0:54  Probe  
  14  0:59  Gateway  
  14  1:06  Probe (Chrono Boost)  
  14  1:11  Assimilator  
  15  1:17  Probe (Chrono Boost)  
  16  1:26  Probe  
  17  1:38  Probe  
  18  1:50  Probe  
  19  2:00  Nexus  
  19  2:08  Cybernetics Core  
  19  2:19  Pylon  
  19  2:25  Probe  
  20  2:30  Assimilator  
  20  2:37  Probe  
  20  2:43  Adept (Chrono Boost)  
  21  2:44  Gateway  
  21  2:48  Warp Gate  
  23  2:52  Probe  
  24  3:04  Probe  
  25  3:09  Stalker  
  27  3:14  Probe (Chrono Boost)  
  27  3:19  Probe (Chrono Boost)  
  29  3:23  Pylon  
  29  3:26  Probe (Chrono Boost)  
  30  3:29  Probe (Chrono Boost)  
  30  3:31  Probe (Chrono Boost)  
  30  3:33  Adept, Probe (Chrono Boost)  
  35  3:44  Probe  
  35  3:45  Probe  
  37  3:51  Stargate  
  37  3:56  Probe  
  37  4:02  Twilight Council  
  38  4:04  Probe (Chrono Boost)  
  38  4:09  Probe (Chrono Boost)  
  41  4:17  Probe (Chrono Boost)  
  41  4:21  Probe (Chrono Boost)  
  46  4:25  Probe (Chrono Boost)  
  46  4:26  Pylon  
  46  4:27  Probe (Chrono Boost)  
  46  4:31  Probe  
  48  4:35  Probe, Zealot x2  
  50  4:44  Void Ray  
  54  4:51  Zealot  
  54  4:52  Zealot  
  54  4:55  Charge (Chrono Boost)  
  54  5:01  Pylon  
  54  5:04  Pylon  
  54  5:08  Probe x2, Forge  
  56  5:24  Void Ray (Chrono Boost)  
  56  5:27  Nexus  
  60  5:28  Pylon  
  60  5:38  Zealot x2  
  64  5:48  Gateway  
  64  5:50  Gateway  
  64  5:53  Zealot x2  
  68  5:58  Photon Cannon  
  68  6:00  Photon Cannon  
  68  6:02  Pylon  
  68  6:05  Probe x2  
  70  6:18  Protoss Ground Weapons Level 1 (Chrono Boost)  
  70  6:19  Probe x2  
  70  6:22  Assimilator  
  70  6:24  Assimilator  
  72  6:41  Probe x3, Robotics Facility  
  72  6:44  Gateway  
  75  6:47  Gateway  
  75  6:59  Probe  
  75  7:00  Probe x2  
  78  7:08  Zealot x4  
  82  7:11  Probe  
  82  7:12  Probe  
  88  7:23  Probe  
  88  7:24  Probe x2  
  91  7:35  Probe  
  91  7:36  Probe x2  
  94  7:40  Immortal (Chrono Boost)  
  98  7:45  Zealot x2  
  98  7:50  Pylon  
  98  7:51  Pylon  
  102  7:52  Pylon  
  102  7:59  Gateway  
  102  8:00  Probe  
  102  8:02  Gateway  
  102  8:05  Gateway  
  103  8:08  Probe  
  104  8:14  Immortal (Chrono Boost)  
  104  8:15  Templar Archives  
  108  8:28  Stalker x6  
  108  8:33  Pylon  
  120  8:35  Pylon  
  120  8:44  Pylon  
  120  8:46  Pylon  
  120  8:51  Observer (Chrono Boost)  
  120  8:53  Protoss Ground Weapons Level 2 (Chrono Boost)  
  121  9:00  Nexus  
  121  9:02  Pylon  
  121  9:03  Forge  
  121  9:04  Zealot x5  
  121  9:05  Zealot x2  
  121  9:06  Zealot x2  
  139  9:13  Observer (Chrono Boost)  
  140  9:22  Pylon  
  140  9:23  Pylon  
  140  9:25  Photon Cannon, Immortal (Chrono Boost), Pylon  
  140  9:27  Photon Cannon  
  140  9:28  Shield Battery  
  140  9:29  Pylon  
  144  9:35  High Templar  
  144  9:36  High Templar x3  
  144  9:37  Zealot  
  144  9:38  Zealot x4  
  162  9:40  Archon x2  
  162  9:50  Protoss Ground Armor Level 1 (Chrono Boost)  
  162  10:00  Probe x3  
  162  10:02  Zealot x5, Robotics Facility  
  175  10:07  Assimilator  
  175  10:11  Assimilator  
  175  10:18  High Templar x2  
  178  10:22  Archon  
  178  10:27  Zealot x5  
  178  10:28  Zealot x2  
  191  10:43  Photon Cannon  
  191  10:45  Photon Cannon  
  182  11:01  Stalker x7  
  152  11:30  Stalker  
  152  11:31  Zealot x7  
  152  11:32  Zealot  
Show
View Real Time Build Order
Export as new Build Order

Apollo Zerg 

Build Orders: Pool First, Roach Hydra 

Get SALT Encoding   

  8  0:00  Drone  
  9  0:10  Drone  
  10  0:17  Drone  
  11  0:21  Drone  
  12  0:32  Overlord  
  12  0:37  Extractor  
  12  0:39  Drone  
  13  0:50  Drone  
  13  0:51  Drone  
  15  1:12  Spawning Pool  
  15  1:14  Drone x2  
  16  1:37  Drone  
  17  1:41  Drone  
  17  1:42  Hatchery  
  17  1:47  Extractor  
  17  1:53  Drone x2  
  18  2:02  Queen  
  20  2:09  Overlord  
  20  2:28  Drone  
  21  2:37  Drone x2  
  21  2:41  Queen  
  21  2:42  Overlord  
  25  2:54  Queen  
  25  2:55  Drone  
  28  3:03  Drone x2  
  28  3:05  Metabolic Boost  
  30  3:13  Drone  
  30  3:14  Drone x2  
  30  3:16  Drone  
  34  3:31  Hatchery  
  33  3:36  Zergling x6  
  36  3:53  Drone  
  36  3:54  Drone x3  
  36  3:55  Overlord  
  40  3:59  Overlord  
  40  4:16  Roach Warren  
  39  4:17  Evolution Chamber  
  39  4:18  Drone x4  
  39  4:19  Drone, Extractor  
  39  4:20  Drone x2, Extractor  
  39  4:22  Drone  
  44  4:24  Drone x2  
  44  4:25  Drone  
  47  4:35  Drone  
  47  4:38  Overlord x3  
  47  4:55  Lair  
  47  5:09  Zerg Missile Weapons Level 1  
  47  5:15  Drone  
  47  5:17  Spore Crawler  
  47  5:18  Spore Crawler, Drone x3  
  47  5:20  Queen  
  51  5:31  Evolution Chamber  
  50  5:36  Drone, Extractor  
  50  5:40  Drone  
  50  5:41  Drone x2  
  50  5:42  Drone x12  
  65  5:51  Glial Reconstitution  
  65  5:54  Overlord  
  65  5:55  Overlord x2  
  65  6:06  Spore Crawler  
  65  6:08  Roach  
  65  6:09  Roach  
  68  6:12  Overseer  
  68  6:15  Roach x6  
  79  6:42  Queen x3  
  85  6:53  Zerg Ground Armor Level 1  
  85  6:56  Drone x4  
  85  6:57  Drone  
  85  7:00  Drone  
  91  7:03  Overlord x5  
  91  7:35  Roach  
  91  7:36  Roach x12  
  117  7:40  Hydralisk Den  
  117  7:44  Infestation Pit  
  114  7:52  Extractor  
  114  7:53  Extractor  
  112  8:00  Hatchery  
  109  8:19  Grooved Spines  
  109  8:21  Drone x2  
  109  8:22  Drone x3  
  109  8:23  Drone x3  
  109  8:24  Drone, Overlord x4  
  118  8:28  Hydralisk  
  118  8:29  Hydralisk x4  
  128  8:35  Hatchery  
  128  8:37  Hatchery  
  128  8:40  Drone  
  127  9:03  Hydralisk x7  
  127  9:06  Hive  
  127  9:08  Spire  
  127  9:09  Muscular Augments, Pneumatized Carapace  
  140  9:12  Lurker Den  
  140  9:13  Hatchery  
  138  9:21  Drone x14  
  138  9:22  Drone  
  138  9:23  Drone x3  
  156  9:31  Overlord x3  
  156  9:33  Overseer  
  156  9:45  Extractor  
  156  9:46  Drone x3, Extractor  
  156  9:47  Drone  
  156  9:48  Drone x2  
  156  9:49  Overlord x5  
  156  9:52  Hydralisk x4  
  162  9:56  Ravager x4  
  162  9:58  Ravager  
  173  10:07  Spore Crawler  
  173  10:09  Spine Crawler x2  
  173  10:10  Drone  
  173  10:11  Drone x2  
  173  10:33  Zergling x20  
  173  10:34  Zergling x32  
  167  11:11  Roach x6  
  167  11:12  Roach x10  
  153  11:30  Roach x3  
  153  11:31  Roach x12  
Tags
 
Add a new tag
Caveats
  • Supply blocks, unpowered buildings, or Contaminate may cause inaccurate times.
  • Supply counts are checked every 10 seconds.